 Dungeon Crawl Stone Soup version 0.31-a0-1098-g6898e6545c (webtiles) character file.

Game seed: 2659871334711532230

84 Dirtsage the Changeling (level 4, -4/29 HPs)
             Began as an Octopode Shapeshifter on Nov 30, 2023.
             Killed from afar by an orc wizard (7 damage)
             ... with a magic dart
             ... on level 3 of the Dungeon.
             The game lasted 00:02:47 (1939 turns).

Dirtsage the Changeling (Octopode Shapeshifter)     Turns: 1939, Time: 00:02:48

Health: -4/29      AC:  1    Str: 13    XL:     4   Next: 45%
Magic:  4/4        EV: 13    Int: 12    God:
Gold:   66         SH:  0    Dex: 13    Spells: 3/3 levels left

rFire   . .          .
                       - Unarmed
rCold   . . .        (no shield)
rNeg    + . .        (helmet currently unavailable)
rPois   .            (no amulet)
rElec   .            N - ring of positive energy
rCorr   .            (no ring)
SInv    .            (no ring)
Will    .....        (no ring)
Stlth   ++           (no ring)
HPRegen 0.24/turn    (no ring)
MPRegen 0.09/turn    (no ring)
                     (no ring)

%: no passive effects
@: beast-form, hasted, very quick
A: beast (slay +2), almost no armour, amphibious, 8 rings, camouflage 1,
gelatinous body 1, (nimble swimmer 1), tentacles
a: Begin Untransformation


You were on level 3 of the Dungeon.
You were a hulking beast.
You visited 1 branch of the dungeon, and saw 3 of its levels.

You collected 66 gold pieces.

Inventory:

Jewellery
 N - a ring of positive energy (left tentacle)
Talismans
 b - a beast talisman
 c - a flux talisman
 k - a beast talisman
Scrolls
 e - a scroll of noise {unknown}
 f - a scroll of silence {unknown}
 h - a scroll of vulnerability {unknown}
 i - 2 scrolls of enchant weapon {unknown}
 j - a scroll of identify {unknown}
Potions
 a - a potion of lignification
 d - a potion of mutation {unknown}
 g - a potion of degeneration {unknown}
 l - a potion of heal wounds {unknown}


   Skills:
 + Level 2.1 Fighting
 - Level 2.0 Dodging
 + Level 3.6 Unarmed Combat
 * Level 4.0 Shapeshifting


You had 3 spell levels left.
You didn't know any spells.
Your spell library contained the following spells:

 Spells                   Type           Power      Damage    Failure   Level
 Summon Small Mammal      Summ           0%         N/A       32%         1
 Call Canine Familiar     Summ           0%         N/A       69%         3
 Summon Guardian Golem    Hex/Summ       0%         N/A       69%         3


Dungeon Overview and Level Annotations

Branches:
Dungeon (3/15)

Altars:

Shops:
D:2 =


Innate Abilities, Weirdness & Mutations

You are a hulking beast.
Your limbs bulge with bestial killing power. (Slay +2)
You cannot wear most types of armour.
You are amphibious.
You can wear up to eight rings at the same time.
Your skin changes colour to match your surroundings (Stealth+).
Your rubbery body absorbs attacks. (AC +1, EV +1)
((You are camouflaged when in or above water. (Stealth+)))
You have tentacles for arms and can constrict up to eight enemies at once.


Message History

You closely miss the orc. You grab the orc. Your squeeze misses the orc.
You constrict the orc, but do no damage.
The orc hits you with a +0 club.
You take 5 damage, and have 24/29 hp.
You tentacle-slap the orc.
You tentacle-slap the orc, but do no damage.
The orc is heavily wounded.
You constrict the orc. The orc barely misses you.
You tentacle-slap the orc.
You kill the orc!
You barely miss the orc. You grab the orc. You squeeze the orc!
You kill the orc!
You tentacle-slap something. Your squeeze misses something.
Something barely misses you.
You tentacle-slap something but do no damage.
You tentacle-slap something. x2; Something hits you.
You take 2 damage, and have 23/29 hp.
You miss something. Something hits you.
You take 5 damage, and have 18/29 hp.
You tentacle-slap something but do no damage.
Something hits you.
You take 1 damage, and have 17/29 hp.
You tentacle-slap something.
Your tentacle-slap misses something.
Your squeeze misses something. Something hits you.
You take 3 damage, and have 14/29 hp.
You completely miss something. Something hits you.
You take 3 damage, and have 11/29 hp.
You closely miss something. Something hits you.
You take 1 damage, and have 10/29 hp.
You tentacle-slap something. Something hits you.
* * * LOW HITPOINT WARNING * * *
You take 5 damage, and have 5/29 hp.
You tentacle-slap something. Something hits you.
* * * LOW HITPOINT WARNING * * *
You take 2 damage, and have 3/29 hp.
It was a potion of haste.
You feel yourself speed up.
You hear some strange, mumbled words.
A magic dart appears from out of thin air!
The magic dart hits you!
You die...

#...........#
#..........##
#.####.###.#
####.####.# #.#
......)...# #.#
.##.#####.# #.#
#.#####.###.#####
.................
#.#######h####...
#{#
.^......)......
#######.#......
#.#...... #.#
#...# #.# ####
#.# #.#


There were no monsters in sight!

Vanquished Creatures
  2 adders (D:2)
  A dart slug (D:2)
  4 orcs (D:3)
  4 endoplasms
  2 giant cockroaches (D:1)
  A goblin (D:1)
  6 hobgoblins
  9 jackals
  3 quokkas
  2 ball pythons
  7 bats
  2 frilled lizards (D:1)
  7 kobolds
  A rat (D:2)
51 creatures vanquished.

Notes
Turn   | Place    | Note
-------+----------+-------------------------------------------
     0 | D:1      | Dirtsage the Octopode Shapeshifter began the quest for the
                  | Orb.
     0 | D:1      | Reached XP level 1. HP: 13/13 MP: 1/1
   106 | D:1      | Reached XP level 2. HP: 2/18 MP: 2/2
   550 | D:1      | Reached XP level 3. HP: 23/23 MP: 3/3
  1394 | D:2      | Reached XP level 4. HP: 26/29 MP: 4/4
  1636 | D:2      | Found Vuskeota's Jewellery Emporium.
  1885 | D:3      | Reached skill level 4 in Shapeshifting
  1939 | D:3      | Killed from afar by an orc wizard

Illustrated notes

Levels and vault maps discovered:
D:1:      dpeg_arrival_three_bigger_balls, layout_loops_corners
D:2:      layout_basic, serial_shops, shop, feat_on_display
D:3:      layout_loops_ring

Skill      XL: |  1  2  3  4 |
---------------+-------------+-----
Fighting       | 2 |  2.1
Shapeshifting  | 4 |  4.0
Dodging        | |  2.0
Unarmed Combat | |  3.6

Action                     |  1- 3 |  4- 6 || total
---------------------------+-------+-------++-------
  Melee: Unarmed           |    77 |    29 ||   106
         Tentacles         |    19 |     5 ||    24
         Constrict         |    17 |     6 ||    23
         Punch             |     1 |     2 ||     3
    Use: Potion            |       |     1 ||     1
   Stab: Sleeping          |     4 |     1 ||     5
 Armour: Skin              |    38 |    14 ||    52
  Dodge: Dodged            |    39 |     9 ||    48

Table legend: (Time is in decaauts)
 A = Elapsed time spent in this place.
 B = Non-inter-level travel time spent in this place.
 C = Inter-level travel time spent in this place.
 D = Time resting spent in this place.
 E = Time spent auto-exploring this place.
 F = Levels seen in this place.
 G = Mean time per level.
                   A        B        C        D        E       F      G
               +--------+--------+--------+--------+--------+-----+--------+
         Total |   1930 |   1897 |     33 |      0 |   1628 |   3 |  643.3 |
       Dungeon |   1930 |   1897 |     33 |      0 |   1628 |   3 |  643.3 |
               +--------+--------+--------+--------+--------+-----+--------+

Top non-repeatable levels by time:
     D:1: 975 daAuts
     D:2: 844 daAuts
     D:3: 111 daAuts
